 Dungeon Crawl Stone Soup version 0.21-a0-426-g98080a9 (webtiles) character file.

175 kae the Firebug (level 5, -3/28 HPs)
             Began as a Tengu Fire Elementalist on Nov 7, 2017.
             Slain by a scorpion (10 damage)
             ... on level 3 of the Dungeon.
             The game lasted 00:02:50 (2724 turns).

kae the Firebug (Tengu Fire Elementalist)           Turns: 2724, Time: 00:02:50

Health: -3/28      AC:  3    Str:  8    XL:     5   Next: 55%
Magic:  5/11       EV: 12    Int: 17    God:
Gold:   172        SH:  0    Dex: 14    Spells: 4/10 levels left

rFire    . . .     SeeInvis .   t - +1 dagger (flame)
rCold    . . .     Gourm    .   (no shield)
rNeg     . . .     Faith    .   a - +1 robe
rPois    .         Spirit   .   (helmet restricted)
rElec    .         Reflect  .   (no cloak)
rCorr    .         Harm     .   (no gloves)
MR       .....                  (boots unavailable)
Stlth    ++........             (no amulet)
HPRegen  0.09/turn              q - ring of flight
MPRegen  0.12/turn              (no ring)

@: very slightly contaminated
A: beak, talons 3, able to fly 1
a: Fly, Evoke Flight


You were on level 3 of the Dungeon.
You were not hungry.

You visited 1 branch of the dungeon, and saw 3 of its levels.

You collected 172 gold pieces.

Inventory:

Hand Weapons
 l - a +1 mace
 t - a +1 dagger of flaming (weapon)
Armour
 a - a +1 robe (worn)
Jewellery
 q - a ring of flight (left hand)
Wands
 s - a wand of digging (13/24)
Scrolls
 g - 3 scrolls of remove curse
 i - a scroll of enchant armour
 k - a scroll of identify
 n - a scroll of blinking
 o - a scroll of teleportation
 u - a scroll of fog {unknown}
Potions
 d - a potion of lignification {unknown}
 e - 2 potions of haste
 j - a potion of invisibility {unknown}
 m - 2 potions of curing
 p - 2 potions of agility {unknown}
 v - a potion of ambrosia {unknown}
 w - a potion of resistance {unknown}
Books
 b - a book of Flames

   Spells                             Type                      Level
   a - Flame Tongue                   Conjuration/Fire             1
   b - Throw Flame                    Conjuration/Fire             2
   c - Conjure Flame                  Conjuration/Fire             3
   d - Inner Flame                    Hexes/Fire                   3
   e - Sticky Flame                   Conjuration/Fire             4
   f - Fireball                       Conjuration/Fire             5
Comestibles
 c - 3 bread rations
 f - 2 meat rations
 h - a fruit


   Skills:
 - Level 2.1 Dodging
 - Level 2.0 Stealth
 + Level 3.3 Spellcasting
 + Level 4.1 Conjurations
 + Level 4.7 Fire Magic


You had 4 spell levels left.
You knew the following spells:

 Your Spells              Type           Power        Failure   Level  Hunger
a - Flame Tongue          Conj/Fire      ###..        2%          1    None
b - Throw Flame           Conj/Fire      ###...       4%          2    ##.....
c - Conjure Flame         Conj/Fire      ###.....     9%          3    ###....


Dungeon Overview and Level Annotations

Branches:
Dungeon (3/15)

Altars:
Fedhas
Qazlal
Zin


Innate Abilities, Weirdness & Mutations

You have a beak for a mouth.
You have claws for feet.
You can fly.


Message History

Confirm with . or Enter, or press ? or * to list all spells.
Aiming: Flame Tongue
Press: ? - help, Shift-Dir - straight line, f/p - scorpion
Aim: a scorpion (moderately wounded)
The flame tongue hits the scorpion.
The scorpion is severely wounded.
You feel sick. The scorpion misses you.
Casting: Flame Tongue
Confirm with . or Enter, or press ? or * to list all spells.
Aiming: Flame Tongue
Press: ? - help, Shift-Dir - straight line, f/p - scorpion
Aim: a scorpion (severely wounded)
The flame tongue hits the scorpion.
The scorpion is almost dead.
The scorpion stings you.
* * * LOW HITPOINT WARNING * * *
You are more poisoned.
The scorpion poisons you!
You feel better. The scorpion stings you!
You die...

### #...#####.#.#..#>#.....
###.#.....#.#..#.#..#..
#.#.#........#.#.....
#...#.###.#.##.##.... #####.#
#.#.......... #.#
#.##...####.. #### #.#
#............ ....
####'#####.########. .....
#.s@..####.......... ..%o.
#.....#............# oo...r
..'.....#............+
......####.....#............#
......'.##.....#...........(#
#.##.....#............#
#.##.....#............†
#.##.....#............. #.#
#####+####....


You could see a scorpion.

Vanquished Creatures
  A hound (D:3)
  An orc wizard (D:3)
  Jessica (D:3)
  Robin (D:2)
  3 adders
  A worm (D:3)
  A dart slug (D:1)
  2 leopard geckos (D:3)
  An orc (D:3)
  A giant cockroach (D:1)
  10 goblins
  7 hobgoblins
  2 quokkas
  3 bats
  2 frilled lizards
  5 kobolds
  9 rats
51 creatures vanquished.

Vanquished Creatures (others)
  A goblin (D:2)
1 creature vanquished.

Grand Total: 52 creatures vanquished

Notes
Turn   | Place    | Note
-------+----------+-------------------------------------------
     0 | D:1      | kae the Tengu Fire Elementalist began the quest for the Orb.
     0 | D:1      | Reached XP level 1. HP: 10/10 MP: 4/4
   560 | D:1      | Reached XP level 2. HP: 15/15 MP: 6/6
   916 | D:2      | Noticed Robin
  1145 | D:2      | Found a glowing silver altar of Zin.
  1242 | D:2      | Reached XP level 3. HP: 19/19 MP: 5/7
  1246 | D:2      | Learned a level 2 spell: Throw Flame
  1250 | D:2      | Learned a level 3 spell: Conjure Flame
  1591 | D:2      | Killed Robin
  1626 | D:2      | Reached XP level 4. HP: 19/24 MP: 5/9
  1674 | D:2      | Found a blossoming altar of Fedhas.
  1961 | D:3      | Found a stormy altar of Qazlal.
  2090 | D:3      | Gained mutation: You can fly. [Tengu growth]
  2090 | D:3      | Reached XP level 5. HP: 8/28 MP: 4/10
  2472 | D:3      | Noticed Jessica
  2476 | D:3      | Killed Jessica
  2724 | D:3      | Slain by a scorpion

Vault maps used:
D:1:      dpeg_arrival_ratfight
D:2:      zin_treasury, fedhas_altar_1, uniq_robin
D:3:      nicolae_qazlal_general_emergency, first_bread,
          kennysheep_jessica_study

Skill      XL: |  1  2  3  4  5 |
---------------+----------------+-----
Conjurations   | 2 3 4 |  4.1
Fire Magic     | 4 |  4.7
Spellcasting   | 3 |  3.3
Dodging        | |  2.1
Stealth        | |  2.0

Action                   |  1- 3 |  4- 6 || total
-------------------------+-------+-------++-------
Melee: Unarmed           |     6 |       ||     6
       Mace              |    35 |       ||    35
       Peck              |     6 |     4 ||    10
       Kick              |     4 |    14 ||    18
       Dagger            |     5 |    45 ||    50
 Cast: Flame Tongue      |    21 |    21 ||    42
       Throw Flame       |     1 |     1 ||     2
 Abil: Evoke Flight      |       |     1 ||     1
  Use: Scroll            |    10 |       ||    10
       Potion            |     1 |     1 ||     2
 Stab: Sleeping          |     2 |     1 ||     3
  Eat: Chunk             |     2 |     4 ||     6
Armor: Robe              |     6 |     8 ||    14
Dodge: Dodged            |    57 |    30 ||    87

Table legend:
 A = Spawn XP
 B = Non-spawn XP
 C = Spawn XP percentage of total XP
 D = Spawn monster count
 E = Non-spawn monster count
 F = Spawn count percentage of total count
 G = Total turns spent on level
                    A         B        C        D         E        F      G
               +---------+---------+-------+---------+---------+-------+---------
         Total |       0 |     251 |   0.0 |       0 |      51 |   0.0 |  2724
               +---------+---------+-------+---------+---------+-------+---------
           D:1 |       0 |      19 |   0.0 |       0 |      14 |   0.0 |   780
           D:2 |       0 |      74 |   0.0 |       0 |      20 |   0.0 |  1176
           D:3 |       0 |     158 |   0.0 |       0 |      17 |   0.0 |   768
               +---------+---------+-------+---------+---------+-------+---------
